AoeStats
← MooseMooch

Arabia

509484374Analyzed
1v1 RM · 5d ago on Sep 26, 2026· 16m 4s· 2 players
Game mode
Random Map
Map size
Tiny (2 player)
Population
200
Speed
Normal
Resources
Standard
Victory
Conquest
Starting age
Dark Age
Ending age
Imperial Age
RankedLock teamsTeams togetherTeam positionsShared explorationLock speedFull tech treeHidden civsTurbo modeCheats
Victory
Defeat
🇩🇪 Portuguese · Germany
1206
+18
🇨🇳 Khitans · China
1248
-18
MooseMooch
6:27 Loom
8:47 Feudal Age
9:30 Double-Bit Axe
12:15 Fletching
dingding
6:04 Loom
6:44 Loom
9:40 Feudal Age
9:43 Man-at-Arms
Connection lost

Rejoining the realm…

Still unreachable

The connection could not be restored.

Session expired

The server has moved on; the page needs a fresh start.